 Dungeon Crawl Stone Soup version 0.14.2 (webtiles) character file.

1093 Norian the Thaumaturge (level 7, -1/36 HPs)
             Began as a Deep Elf Wizard on Dec 11, 2015.
             Killed from afar by an orc wizard (7 damage)
             ... with a magic dart
             ... on Level 5 of the Dungeon on June 26, 2016.
             The game lasted 00:19:36 (4354 turns).

Norian the Thaumaturge (Deep Elf Wizard)            Turns: 4354, Time: 00:19:37

HP  -1/36        AC  2     Str  5      XL: 7   Next: 55%
MP  19/26        EV 12     Int 24      God:
Gold 309         SH  0     Dex 13      Spells:  6 memorised,  9 levels left

rFire  . . .     SeeInvis .     i - +2 short sword (speed)
rCold  . . .     Clarity  .     a - +0 robe
rNeg   . . .     Conserve .     (no shield)
rPois  .         rCorr    .     b - +0 hat
rElec  .         rRot     .     (no cloak)
SustAb . .       Spirit   .     (no gloves)
rMut   .         Warding  .     (no boots)
Saprov . . .     Stasis   .     (no amulet)
MR     .....                    (no ring)
                                (no ring)

@: not resistant to hostile enchantments, fairly stealthy
A: no striking features
a: no special abilities


You were on level 5 of the Dungeon.
You were very hungry.

You visited 1 branch of the dungeon, and saw 5 of its levels.

You collected 309 gold pieces.

Inventory:

Hand weapons
 i - a +2,+2 short sword of speed (weapon)
Armour
 a - a +0 robe (worn)
 b - a +0 hat (worn)
 s - the cursed +2 scale mail "Cloup" {rPois MR+ Acc+5 Stlth++, unknown}
   (You found it on level 4 of the Dungeon)

   It affects your accuracy with ranged weapons and melee attacks (+5).
   It protects you from poison.
   It affects your resistance to hostile enchantments.
   It makes you much more stealthy.
   It has a curse placed upon it.
Comestibles
 d - 4 bread rations
 w - a pear
Scrolls
 e - a scroll of teleportation {unknown}
 g - 2 scrolls of magic mapping {unknown}
 h - 7 scrolls of identify {unknown}
 k - a scroll of enchant weapon I {unknown}
 m - a scroll of noise {unknown}
 o - a scroll of fog {unknown}
 q - a scroll of random uselessness {unknown}
 v - a scroll of remove curse {unknown}
Jewellery
 j - a +2 ring of dexterity {unknown}
Potions
 f - a potion of poison {unknown}
 l - a potion of mutation {unknown}
 n - a potion of invisibility {unknown}
 p - a potion of lignification {unknown}
 r - a potion of beneficial mutation {unknown}
 t - a potion of restore abilities {unknown}
 u - a potion of might {unknown}
Books
 c - a book of Minor Magic

   Spells                             Type                      Level
   *Magic Dart                        Conjuration                  1
   *Blink                             Translocation                2
   *Call Imp                          Summoning                    2
   *Repel Missiles                    Charms/Air                   2
   Slow                               Hexes                        2
   *Conjure Flame                     Conjuration/Fire             3
   *Mephitic Cloud                    Conjuration/Poison/Air       3
 x - a book of Envenomations

   Spells                             Type                      Level
   Spider Form                        Transmutation/Poison         3
   Poison Weapon                      Charms/Poison                3
   Alistair's Intoxication            Transmutation/Poison         4
   Olgreb's Toxic Radiance            Poison                       4
   Poisonous Cloud                    Conjuration/Poison/Air       6


   Skills:
 - Level 2.4 Dodging
 - Level 2.4 Stealth
 - Level 8.1 Spellcasting
 + Level 6.2 Conjurations
 - Level 1.1 Summonings
 - Level 1.1 Translocations
 + Level 2.5 Fire Magic
 + Level 2.0 Air Magic


You had 9 spell levels left.
You knew the following spells:

 Your Spells              Type           Power        Failure   Level  Hunger
a - Magic Dart            Conj           ####         1%          1    None
b - Blink                 Tloc           N/A          8%          2    None
c - Call Imp              Summ           ###.....     8%          2    None
d - Repel Missiles        Chrm/Air       ##....       8%          2    None
e - Mephitic Cloud        Conj/Pois/Air  ###.....     10%         3    None
f - Conjure Flame         Conj/Fire      ####....     3%          3    None


Dungeon Overview and Level Annotations

Branches:
Dungeon (5/15)
 Temple: D:4-7

Altars:
Fedhas
Makhleb
Okawaru
The Shining One

Annotations:
D:5 Dowan


Message History

The orc wizard picks up a club.
The orc wizard wields a club.
Casting: Magic Dart
Confirm with . or Enter, or press ? or * to list all spells.
Aiming: Magic Dart
Press: ? - help, Shift-Dir - straight line, f/p - orc
Aim: an orc (severely wounded)
The magic dart hits the orc.
You kill the orc!
Dowan gestures at you while chanting. The puff of frost hits you!
The orc wizard becomes somewhat translucent.
Dowan points at you and mumbles some strange words.
The puff of flame hits you!
Dowan zaps a wand.
You easily resist.
The orc wizard points at you and mumbles some strange words.
The magic dart hits you!
* * * LOW HITPOINT WARNING * * *
The orc wizard casts a spell at you. The magic dart hits you!
You die...

#.# ##. #.# #.. #.#.##.# #.#
#.#.##.# #.# #.#.##.# #.#
..#.##.# #.#
..#....#####.#############
###.#.#........#........e...
.##.#.#..######.@..)o.....#.
.##.#.#..# #........<#.#
.##.#.#..# #...####o##
......#..######...# ...
.##...........#...# ##.
....#.......[.....#
.#....#.......#.#.#
.#..#.##.######.... .#.....
... ....#


You could see Dowan and 2 orc wizards.

Vanquished Creatures
  An ice beast (D:5)
  4 big kobolds (D:3)
  A scorpion (D:5)
  An orc priest (D:5)
  An orc wizard (D:5)
  Natasha (thrice) (D:3)
  2 worker ants (D:4)
  2 gnolls (D:3)
  A shadow imp (D:5)
  6 adders
  A worm (D:3)
  A giant mite (D:2)
  2 giant geckos (D:1)
  2 orcs (D:5)
  4 giant cockroaches
  7 goblins
  12 hobgoblins
  7 jackals
  A quokka (D:4)
  11 bats
  A giant newt (D:3)
  43 kobolds
  10 rats
  A rat skeleton (D:4)
125 creatures vanquished.

Vanquished Creatures (collateral kills)
  A big kobold (D:3)
  An orc priest (D:5)
  2 gnolls (D:3)
  An adder (D:3)
  3 kobolds (D:3)
  An orc zombie (D:5)
  A rat (D:3)
10 creatures vanquished.

Vanquished Creatures (others)
  2 crimson imps
  Terence (D:3)
  A shadow imp (D:5)
  A white imp (D:3)
5 creatures vanquished.

Grand Total: 140 creatures vanquished

Notes
Turn   | Place    | Note
--------------------------------------------------------------
     0 | D:1      | Norian, the Deep Elf Wizard, began the quest for the Orb.
     0 | D:1      | Reached XP level 1. HP: 10/10 MP: 6/6
   205 | D:1      | Reached XP level 2. HP: 10/15 MP: 0/10
   311 | D:1      | Reached skill level 5 in Spellcasting
   740 | D:1      | Reached XP level 3. HP: 19/19 MP: 11/14
  1084 | D:2      | Found a blossoming altar of Fedhas.
  1276 | D:2      | Found an iron altar of Okawaru.
  1560 | D:3      | Noticed Natasha
  1567 | D:3      | Killed Natasha
  1567 | D:3      | Reached XP level 4. HP: 7/24 MP: 7/18
  1571 | D:3      | Learned a level 2 spell: Blink
  1574 | D:3      | Learned a level 2 spell: Call Imp
  1577 | D:3      | Learned a level 2 spell: Repel Missiles
  1581 | D:3      | Learned a level 3 spell: Mephitic Cloud
  1714 | D:3      | Noticed Natasha
  1721 | D:3      | Killed Natasha
  1721 | D:3      | Reached skill level 6 in Spellcasting
  1934 | D:3      | Noticed Terence
  1967 | D:3      | Killed Terence
  2240 | D:3      | Reached XP level 5. HP: 28/28 MP: 5/20
  2278 | D:3      | Learned a level 3 spell: Conjure Flame
  2349 | D:3      | Noticed Natasha
  2353 | D:3      | Killed Natasha
  2400 | D:3      | Noticed a big kobold
  2401 | D:3      | Noticed a big kobold
  2453 | D:3      | Killed a big kobold
  2523 | D:3      | Killed a big kobold
  2523 | D:3      | Reached skill level 7 in Spellcasting
  2559 | D:3      | Reached XP level 6. HP: 12/32 MP: 6/23
  2575 | D:3      | Noticed a big kobold
  2856 | D:3      | Killed a big kobold
  2978 | D:3      | Noticed a big kobold
  2978 | D:3      | Noticed a big kobold
  3003 | D:3      | Killed a big kobold
  3003 | D:3      | Reached skill level 5 in Conjurations
  3008 | D:3      | Killed a big kobold
  3008 | D:3      | Reached skill level 8 in Spellcasting
  3455 | D:4      | Got a slimy scale mail
  3528 | D:4      | Reached skill level 1 in Fire Magic
  3528 | D:4      | Reached XP level 7. HP: 31/36 MP: 18/26
  3564 | D:4      | Reached skill level 1 in Air Magic
  3760 | D:4      | Found a burning altar of Makhleb.
  3989 | D:5      | Entered Level 5 of the Dungeon
  4157 | D:5      | Found a glowing golden altar of the Shining One.
  4347 | D:5      | Noticed Dowan
  4354 | D:5      | Killed from afar by an orc wizard

Action                   |  1- 3 |  4- 6 |  7- 9 || total
-------------------------+-------+-------+-------++-------
Melee: Unarmed           |    13 |       |       ||    13
       Short sword       |       |    12 |     3 ||    15
 Cast: Magic Dart        |    86 |   168 |    61 ||   315
       Call Imp          |       |     6 |     8 ||    14
       Mephitic Cloud    |       |     6 |     1 ||     7
       Blink             |       |     1 |       ||     1
       Conjure Flame     |       |     1 |     7 ||     8
  Use: Potion            |       |     1 |       ||     1
